 Dungeon Crawl Stone Soup version 0.31-a0-672-g7da72447bb (webtiles) character file.

Game seed: 3949385601073228097

170 garrulousMonolith the Gusty (level 5, 0/41 HPs)
             Began as a Draconian Air Elementalist on Sept 4, 2023.
             Was a Follower of Sif Muna.
             Slain by an adder zombie (2 damage)
             ... in an ossuary.
             The game lasted 00:06:27 (4148 turns).

garrulousMonolith the Gusty (DrAE)                  Turns: 4148, Time: 00:06:28

Health: 0/41       AC:  5    Str: 10    XL:     5   Next: 25%
Magic:  4/8        EV: 11    Int: 17    God:    Sif Muna [*.....]
Gold:   93         SH:  4    Dex: 12    Spells: 5/9 levels left

rFire   . . .        c - +0 dagger
rCold   . . .        b - +0 buckler
rNeg    . . .        (body armour unavailable)
rPois   .            (helmet restricted)
rElec   .            (no cloak)
rCorr   .            (no gloves)
SInv    .            (no boots)
Will    .....        (no amulet)
Stlth   ++           (no ring)
HPRegen 0.26/turn    (no ring)
MPRegen 0.11/turn

%: no passive effects
@: marked
A: AC +5, unfitting armour, cold-blooded
a: Renounce Religion, Channel Magic


You were in an ossuary.
You worshipped Sif Muna.
Sif Muna was aware of your devotion.
You visited 1 branch of the dungeon, and saw 4 of its levels.
You also visited: Ossuary.

You collected 93 gold pieces.

Inventory:

Hand Weapons
 c - a +0 dagger (weapon)
 d - a +0 sling
Missiles
 t - 5 boomerangs
Armour
 b - a +0 buckler (worn)
Magical Staves
 i - a staff of earth
Talismans
 m - a blade talisman
Wands
 q - a wand of iceblast (5)
Scrolls
 f - 3 scrolls of noise {unknown}
 g - a scroll of revelation {unknown}
 h - 2 scrolls of identify {unknown}
 k - 2 scrolls of vulnerability {unknown}
 l - a scroll of torment {unknown}
 r - a scroll of amnesia {unknown}
 s - a scroll of fear {unknown}
Potions
 e - a potion of enlightenment {unknown}
 j - a potion of might {unknown}
 n - a potion of lignification {unknown}
 p - a potion of brilliance {unknown}


   Skills:
 + Level 1.8 Fighting
 - Level 2.0 Dodging
 - Level 1.7 Stealth
 * Level 2.2 Shields
 + Level 2.5 Spellcasting
 * Level 2.4 Conjurations
 * Level 3.8 Air Magic


You had 5 spell levels left.
You knew the following spells:

 Your Spells              Type           Power      Damage    Failure   Level
a - Shock                 Conj/Air       48%        1d6       8%          1
b - Static Discharge      Conj/Air       24%        2-3/arc   11%         2
c - Magic Dart            Conj           40%        1d5       10%         1

Your spell library contained the following spells:

 Spells                   Type           Power      Damage    Failure   Level
 Swiftness                Air            15%        N/A       16%         3
 Mephitic Cloud           Conj/Pois/Air  9%         N/A       34%         3
 Call Imp                 Summ           4%         N/A       38%         2
 Stone Arrow              Conj/Erth      12%        3d7       43%         3
 Airstrike                Air            7%         2d(2-18)  47%         4
 Lehudib's Crystal Spear  Conj/Erth      3%         10d2      100%        8
 Animate Armour           Summ/Erth      Unusable   N/A       N/A         4

Dungeon Overview and Level Annotations

Branches:
Dungeon (4/15)            Ossuary (1/1)
 Temple: D:4-7

Altars:
Elyvilon
Hepliaklqana
Sif Muna
Xom
Yredelemnul
The Shining One


Innate Abilities, Weirdness & Mutations

Your plain brown scales are hard. (AC +5)
You cannot fit into any form of body armour.
You are cold-blooded and may be slowed by cold attacks.


Message History

The adder zombie bites you but does no damage.
The centaur zombie hits you.
* * * LOW HITPOINT WARNING * * *
The centaur zombie kicks you.
* * * LOW HITPOINT WARNING * * *
Casting: Shock (safe; 8% risk of failure)
Confirm with . or Enter, or press ? or * to list all spells.
The centaur zombie is struck by an arc of lightning.
The centaur zombie is severely damaged.
The hobgoblin zombie is struck by an arc of lightning.
The hobgoblin zombie is heavily damaged.
The lightning grounds out.
The centaur zombie closely misses you. The centaur zombie barely misses you.
The adder zombie bites you but does no damage.
The centaur zombie hits you.
* * * LOW HITPOINT WARNING * * *
The centaur zombie kicks you.
* * * LOW HITPOINT WARNING * * *
The adder zombie bites you.
* * * LOW HITPOINT WARNING * * *
The centaur zombie barely misses you.
The centaur zombie kicks you but does no damage.
The adder zombie barely misses you.
Casting: Static Discharge (safe; 11% risk of failure)
Confirm with . or Enter, or press ? or * to list all spells.
The centaur zombie is struck by an arc of lightning.
The centaur zombie is severely damaged.
The orc zombie is struck by an arc of lightning.
The orc zombie is heavily damaged.
The adder zombie is struck by an arc of lightning.
The adder zombie is lightly damaged.
The lightning grounds out.
The centaur zombie hits you but does no damage.
The centaur zombie kicks you.
* * * LOW HITPOINT WARNING * * *
The adder zombie bites you but does no damage.
The hobgoblin zombie hits you.
* * * LOW HITPOINT WARNING * * *
You block the centaur zombie's attack. x2; The adder zombie bites you.
You die...

#...# #..
#...# #..
#...#
....+####..
#...#
#.∩.....#..
#...#
#.......#..
#...#
#.......#..
#...#
##......
#.. #...#
..... #..
#ZZ@# #..#
#..


#ZZZ# #.^# #.. #ZZZ# #..# #.. #Z.Z######..######.. #...Z.ZZZZ..........
#......Z.8..8....... #.....Z............. #...................
#################### You could see an adder zombie, 2 hobgoblin zombies, 3
kobold zombies, an orc zombie, an elf zombie, 2 centaur zombies and a human
zombie.

Vanquished Creatures
  A centaur zombie (Ossuary)
  2 mummies (Ossuary)
  4 adders
  An adder zombie (Ossuary)
  3 worms
  2 orcs (D:3)
  3 endoplasms
  2 giant cockroaches
  5 goblins
  6 hobgoblins
  2 quokkas
  A ball python (D:3)
  8 bats
  A frilled lizard (D:3)
  5 hobgoblin zombies (Ossuary)
  A jackal zombie (Ossuary)
  3 kobolds
  7 kobold zombies (Ossuary)
  10 orc zombies (Ossuary)
  5 rats
72 creatures vanquished.

Notes
Turn   | Place    | Note
-------+----------+-------------------------------------------
     0 | D:1      | garrulousMonolith the Draconian Air Elementalist began the
                  | quest for the Orb.
     0 | D:1      | Reached XP level 1. HP: 14/14 MP: 3/3
   622 | D:1      | Reached XP level 2. HP: 22/22 MP: 1/5
  1029 | D:1      | Learned a level 1 spell: Magic Dart
  1032 | D:1      | Learned a level 2 spell: Static Discharge
  1226 | D:2      | Found a shimmering blue altar of Sif Muna.
  1239 | D:2      | Became a worshipper of Sif Muna the Loreminder
  1266 | D:2      | Reached XP level 3. HP: 27/27 MP: 4/6
  1419 | D:2      | Reached skill level 1 in Fighting
  1447 | D:2      | Reached skill level 1 in Shields
  1731 | D:3      | Found a basalt altar of Yredelemnul.
  1752 | D:3      | Found a white marble altar of Elyvilon.
  2047 | D:3      | Reached XP level 4. HP: 28/35 MP: 2/7
  2610 | D:3      | Reached * piety under Sif Muna
  2642 | D:3      | Found a shimmering altar of Xom.
  3026 | D:3      | Found a glowing golden altar of the Shining One.
  3182 | D:4      | Found a hazy altar of Hepliaklqana.
  3199 | D:4      | Found a sand-covered staircase.
  3211 | Ossuary  | Entered an ossuary
  4133 | Ossuary  | Reached XP level 5. HP: 22/41 MP: 0/8
  4147 | Ossuary  | HP: 2/41 [hobgoblin zombie (1)]
  4148 | Ossuary  | Slain by an adder zombie

Illustrated notes

Levels and vault maps discovered:
D:1:      amcnicky_arrival_flooded_fountain, layout_basic,
          nicolae_figureground_sparkle
D:2:      layout_basic, basic_altar
D:3:      layout_loops_cross, tso_oasis_becter, lemuel_crystal_altar,
          marbit_many_paths, mainiacjoe_overflow_six_doors_small,
          amethyst_killhole, minmay_fractal_squares_diagonal_5
D:4:      layout_gridville, pdpol_temple_overflow_zin_treasury_gozag_greed,
          lemuel_round_altar, lightli_ossuary_entry_decrepit_ruins,
          grunt_decor_cap, nicolae_shop_vocational, uniq_edmund
Ossuary:  ossuary_tomb_1

Skill      XL: |  1  2  3  4 |
---------------+-------------+-----
Dodging        | 2 |  2.0
Fighting       | 1 |  1.8
Shields        | 1 2 |  2.2
Conjurations   | 2 |  2.4
Stealth        | |  1.7
Spellcasting   | |  2.5
Air Magic      | |  3.8

Action                     |  1- 3 |  4- 6 || total
---------------------------+-------+-------++-------
  Melee: Dagger            |    10 |    42 ||    52
         Tailslap          |     2 |     7 ||     9
   Cast: Shock             |    68 |    99 ||   167
         Static Discharge  |       |    10 ||    10
         Magic Dart        |       |     1 ||     1
  Evoke: Wand              |       |     2 ||     2
    Use: Potion            |       |     5 ||     5
 Armour: Skin              |    10 |   137 ||   147
  Dodge: Dodged            |    11 |   110 ||   121
  Block: Buckler           |     3 |    36 ||    39
         Form:             |     1 |       ||     1
         Blade             |     1 |       ||     1

Table legend: (Time is in decaauts)
 A = Elapsed time spent in this place.
 B = Non-inter-level travel time spent in this place.
 C = Inter-level travel time spent in this place.
 D = Time resting spent in this place.
 E = Time spent auto-exploring this place.
 F = Levels seen in this place.
 G = Mean time per level.
                   A        B        C        D        E       F      G
               +--------+--------+--------+--------+--------+-----+--------+
         Total |   4150 |   4088 |     62 |   1008 |   2503 |   5 |  830.0 |
       Dungeon |   3211 |   3149 |     62 |    478 |   2289 |   4 |  802.8 |
       Ossuary |    939 |    939 |      0 |    530 |    214 |   1 |  939.0 |
               +--------+--------+--------+--------+--------+-----+--------+

Top non-repeatable levels by time:
     D:3: 1503 daAuts
 Ossuary: 939 daAuts
     D:2: 889 daAuts
     D:1: 773 daAuts
     D:4: 44 daAuts
